Map: Port Aleksander LE

Players

BuRning - Winner!

  • Race: Terran Terran
  • League: Master
  • Spawn Location: 11:00

fps

  • Race: Protoss Protoss
  • Spawn Location: 5:00

Event: 2019 WCS Spring

VOD

Have the link to the VOD?

Description

Time

  • Played on: May 17, 2019, 7:31 a.m.
  • Length: 6:34

All games in this series

Show
View Real Time Build Order
Export as new Build Order

BuRning Terran - Winner!

Build Orders: Reaper Expand 

Get SALT Encoding   

  12  0:01  SCV  
  13  0:13  SCV  
  14  0:18  Supply Depot  
  14  0:25  SCV  
  15  0:39  SCV  
  15  0:40  Barracks  
  16  0:45  Refinery  
  16  0:51  SCV  
  17  1:04  SCV  
  18  1:16  SCV  
  19  1:28  Reaper, Orbital Command  
  20  1:43  Command Center  
  20  1:53  Supply Depot  
  20  1:54  SCV  
  20  2:00  Barracks Reactor  
  21  2:06  SCV  
  22  2:10  Barracks  
  22  2:19  SCV  
  22  2:22  Barracks  
  23  2:31  SCV  
  24  2:38  Marine x2  
  24  2:43  SCV  
  27  2:48  Refinery  
  27  2:55  SCV  
  27  2:56  Orbital Command, Marine x2  
  30  2:58  Barracks Tech Lab  
  30  3:08  SCV  
  30  3:09  Barracks Tech Lab  
  31  3:13  Marine  
  31  3:14  Marine  
  31  3:17  Stimpack, Marine  
  34  3:20  SCV  
  34  3:22  SCV  
  36  3:27  Combat Shield  
  36  3:29  Marauder  
  38  3:34  Supply Depot  
  38  3:37  SCV  
  38  3:38  Marine  
  38  3:39  Marine  
  41  3:43  Marauder  
  41  3:47  SCV  
  44  3:52  SCV  
  44  3:54  Marauder  
  46  3:55  Engineering Bay  
  46  3:59  Marine x2  
  46  4:00  SCV  
  49  4:04  SCV  
  50  4:12  SCV, Marauder  
  50  4:16  SCV  
  54  4:18  Supply Depot  
  54  4:22  Terran Infantry Weapons Level 1  
  54  4:25  Supply Depot  
  54  4:32  SCV x2, Marauder, Marine x2  
  54  4:35  Factory  
  54  4:38  Marauder  
  62  4:43  Missile Turret  
  62  4:45  SCV  
  63  4:46  SCV  
  63  4:52  Marine x2  
  66  4:55  Marauder  
  66  4:57  SCV  
  66  4:58  SCV  
  70  5:03  Marauder, Concussive Shells  
  70  5:04  Supply Depot  
  72  5:09  SCV  
  72  5:10  SCV  
  73  5:21  SCV  
  73  5:26  Marauder, Marine x3  
  76  5:28  Factory Reactor  
  76  5:29  Starport  
  76  5:31  SCV  
  76  5:33  SCV  
  75  5:43  SCV  
  75  5:44  Marauder, Marine  
  75  5:47  Marine  
  75  5:48  Command Center, Marine  
  81  5:52  SCV  
  81  5:56  Supply Depot  
  82  6:00  SCV  
  82  6:01  Marine  
  84  6:05  Marine  
  84  6:06  Refinery  
  85  6:19  SCV  
  85  6:20  SCV  
  85  6:21  Refinery  
  90  6:28  Supply Depot  
Show
View Real Time Build Order
Export as new Build Order

fps Protoss 

Build Orders: 1 Gate Expand, Double Forge 

Get SALT Encoding   

  12  0:01  Probe  
  13  0:13  Probe  
  14  0:18  Pylon  
  14  0:25  Probe  
  15  0:36  Gateway  
  15  0:37  Probe  
  16  0:45  Probe  
  17  0:53  Assimilator  
  17  0:55  Probe  
  18  1:07  Probe  
  19  1:19  Probe  
  19  1:24  Cybernetics Core  
  20  1:35  Probe  
  21  1:42  Nexus  
  21  1:49  Pylon  
  21  1:57  Stalker, Assimilator, Probe  
  23  2:09  Warp Gate  
  23  2:13  Probe  
  24  2:25  Probe  
  24  2:26  Adept  
  27  2:36  Pylon  
  27  2:37  Probe  
  28  2:49  Probe  
  28  2:51  Twilight Council  
  29  2:55  Gateway  
  29  2:56  Probe  
  30  3:03  Probe  
  30  3:04  Probe  
  31  3:12  Probe  
  32  3:15  Probe  
  34  3:20  Probe  
  35  3:27  Probe  
  35  3:28  Probe  
  35  3:33  Charge  
  37  3:39  Probe x2  
  39  3:53  Probe x2  
  41  3:58  Forge  
  41  4:00  Forge  
  41  4:05  Probe x2  
  43  4:11  Nexus  
  43  4:13  Assimilator  
  43  4:17  Probe x2  
  43  4:19  Templar Archives  
  43  4:22  Sentry  
  47  4:24  Sentry  
  47  4:29  Probe x2  
  51  4:38  Assimilator  
  51  4:41  Probe x2  
  51  4:42  Pylon  
  53  4:53  Probe  
  53  4:57  Pylon  
  53  4:58  Pylon  
  54  5:00  Gateway  
  54  5:01  Probe  
  54  5:05  Probe  
  56  5:08  Gateway  
  56  5:13  Probe  
  57  5:15  Zealot, Pylon  
  57  5:16  Zealot  
  49  5:33  Zealot x2  
  36  5:47  Gateway x2  
  36  5:49  Zealot  
  33  5:50  Zealot  
  32  5:57  Zealot  
  32  6:03  Zealot  
  34  6:06  Probe  
  35  6:11  Zealot x2  
  31  6:20  High Templar  
  27  6:27  High Templar  
Tags
 
Add a new tag
Caveats
  • Supply blocks, unpowered buildings, or Contaminate may cause inaccurate times.
  • Supply counts are checked every 10 seconds.